 Dungeon Crawl Stone Soup version 0.27.0-1-g7a089689b8 (webtiles) character file.

Game seed: 16581899818884793764

2178 ZombieSheep the Changer (level 9, -4/60 HPs)
             Began as a Gnoll Wanderer on Aug 6, 2021.
             Was a Priest of Hepliaklqana.
             Hit by a large rock thrown by a cyclops (20 damage)
             ... on level 6 of the Dungeon.
             The game lasted 00:13:47 (6297 turns).

ZombieSheep the Changer (Gnoll Wanderer)            Turns: 6297, Time: 00:13:48

Health: -4/60      AC: 11    Str: 12    XL:     9   Next: 33%
Magic:  15/15      EV: 10    Int: 15    God:    Hepliaklqana [***...]
Gold:   224        SH:  0    Dex: 11    Spells: 15/16 levels left

rFire    . . .     SeeInvis .   b - +3 shortbow (vorpal)
rCold    + . .     Faith    .   (shield currently unavailable)
rNeg     . . .     Spirit   .   r - +4 scale mail {Will+}
rPois    .         Reflect  .   (no helmet)
rElec    .         Harm     .   (no cloak)
rCorr    .         Rampage  .   (no gloves)
Will     +....                  (no boots)
Stlth    +.........             (no amulet)
HPRegen  0.20/turn              m - ring of protection from cold
MPRegen  0.14/turn              (no ring)

@: no status effects
A: reduced essence, fangs 1, strong nose, distributed training
a: Renounce Religion, Recall Ancestor, Ancestor Identity, Transference


You were on level 6 of the Dungeon.
You worshipped Hepliaklqana.
Hepliaklqana was most pleased with you.
You visited 1 branch of the dungeon, and saw 6 of its levels.

You collected 224 gold pieces.

Inventory:

Hand Weapons
 a - a +4 dagger of freezing
 b - a +3 vorpal shortbow (weapon)
 o - a +2 flail of venom
Missiles
 f - 28 arrows (quivered ammo)
Armour
 d - a +0 robe
 n - a +2 leather armour of cold resistance
 r - a +4 scale mail of willpower (worn)
Jewellery
 m - a ring of protection from cold (left hand)
Wands
 e - a wand of paralysis (5)
 k - a wand of charming (5)
Potions
 c - 2 potions of curing
 h - a potion of invisibility
 i - a potion of attraction {unknown}
 j - 2 potions of lignification
 l - a potion of resistance
 p - a potion of cancellation {unknown}
 q - a potion of flight {unknown}


   Skills:
 + Level 4.9 Fighting
 + Level 4.1 Short Blades
 + Level 4.1 Long Blades
 + Level 4.1 Axes
 + Level 4.1 Maces & Flails
 + Level 4.1 Polearms
 + Level 4.1 Staves
 + Level 4.1 Slings
 + Level 4.9 Bows
 + Level 4.1 Crossbows
 + Level 4.1 Throwing
 + Level 4.9 Armour
 + Level 4.1 Dodging
 + Level 4.1 Stealth
 + Level 6.2 Shields
 + Level 4.1 Unarmed Combat
 + Level 4.1 Spellcasting
 + Level 3.4 Conjurations
 + Level 3.4 Hexes
 + Level 3.4 Summonings
 + Level 3.4 Necromancy
 + Level 3.4 Translocations
 + Level 6.5 Transmutations
 + Level 3.4 Fire Magic
 + Level 5.1 Ice Magic
 + Level 3.4 Air Magic
 + Level 3.4 Earth Magic
 + Level 3.4 Poison Magic
 + Level 4.5 Invocations
 + Level 4.1 Evocations


You had 15 spell levels left.
You knew the following spells:

 Your Spells              Type           Power      Damage    Failure   Level
a - Beastly Appendage     Tmut           44%        N/A       6%          1

Your spell library contained the following spells:

 Spells                   Type           Power      Damage    Failure   Level
 Corona                   Hex            14%        N/A       21%         1
 Summon Small Mammal      Summ           52%        N/A       21%         1
 Ensorcelled Hibernation  Hex/Ice        32%        N/A       22%         2
 Spider Form              Tmut/Pois      9%         N/A       32%         3
 Call Canine Familiar     Summ           13%        N/A       52%         3
 Stone Arrow              Conj/Erth      26%        3d8       52%         3
 Summon Guardian Golem    Hex/Summ       13%        N/A       52%         3
 Tukima's Dance           Hex            13%        N/A       52%         3
 Bolt of Magma            Conj/Fire/Erth 6%         4d6       99%         5
 Shadow Creatures         Summ           N/A        N/A       100%        6
 Orb of Destruction       Conj           6%         9d3       100%        7
 Spellforged Servitor     Conj/Summ      6%         N/A       100%        7
 Shatter                  Erth           6%         3d9*      100%        9


Dungeon Overview and Level Annotations

Branches:
Dungeon (6/15)             Temple (0/1) D:5

Altars:
Gozag
Hepliaklqana
Xom
Yredelemnul

Shops:
D:2 [   D:5 *   D:6 *[


Innate Abilities, Weirdness & Mutations

Your life essence is reduced to manifest your ancestor. (-10% HP)
You have very sharp teeth.
Your uncanny sense of smell can sniff out nearby items.
Your experience applies equally to all skills.


Message History

You swap places.
j - 2 potions of lignification (gained 1)
A bullfrog zombie comes into view.
There is an open door here.
You hit the bullfrog zombie.
The bullfrog zombie is lightly damaged.
The bullfrog zombie hits you but does no damage.
Rabi gestures at the bullfrog zombie while chanting.
The bullfrog zombie appears confused.
You barely miss the bullfrog zombie.
The bullfrog zombie is lightly damaged.
The bullfrog zombie hits you but does no damage.
You strike the helpless bullfrog zombie from behind!
You impale the bullfrog zombie!! You freeze the bullfrog zombie.
The bullfrog zombie is severely damaged.
The bullfrog zombie barely misses you.
You hit the bullfrog zombie.
The bullfrog zombie is almost destroyed.
Rabi gestures at the bullfrog zombie while chanting.
The bullfrog zombie resists with significant effort.
You catch the helpless bullfrog zombie completely off-guard!
You puncture the bullfrog zombie!
You destroy the bullfrog zombie!
No target in view!
No target in view!
A cyclops comes into view.
The cyclops shouts!
You hear a shout!
Your +4 dagger of freezing stops glowing.
b - a +3 vorpal shortbow (weapon)
You shoot an arrow. The arrow hits the cyclops.
The cyclops is lightly wounded.
The cyclops throws a large rock.
The large rock hits you!!!
Ouch! That really hurt!
* * * LOW HITPOINT WARNING * * *
Rabi gestures at the cyclops while chanting.
The cyclops easily resists.
Rabi casts a spell at the cyclops.
The cyclops easily resists.
The cyclops throws a large rock.
The large rock hits you!!
You die...

.. ...## ... ..... .. .C....
#.# ...... ###'####....
#.........# #......(..#
#.........# #####
#....@R...# #...#
#.........# #...#
#.........# #...#
###'####### #...#####......#
#..............#
##'################
#........#.. ...# ######
#########.#.#####.#####.....


You could see the friendly Rabi the hexer and a cyclops (ally target).

Vanquished Creatures
  Pikel (D:4)
  Sigmund (D:4)
  An orc warrior (D:6)
  A hornet zombie (D:5)
  A centaur (D:5)
  An ogre (D:4)
  A lemure (D:4)
  A kobold brigand (D:5)
  A water moccasin zombie (D:6)
  A bullfrog zombie (D:6)
  2 orc priests
  A bullfrog skeleton (D:4)
  3 hounds
  An iguana (D:6)
  A hound skeleton (D:4)
  7 gnolls
  3 adders
  2 ufetubi
  An adder skeleton (D:4)
  A worm (D:3)
  6 dart slugs
  7 orcs
  7 ball pythons
  14 endoplasms
  2 giant cockroaches (D:1)
  4 goblins
  5 hobgoblins
  4 jackals (D:2)
  2 quokkas
  5 bats
  7 frilled lizards
  9 kobolds
  4 rats
  A butterfly (D:6)
109 creatures vanquished.

Vanquished Creatures (collateral kills)
  Eustachio (D:4)
  Edmund (D:6)
  A black bear (D:4)
  A necrophage (D:5)
  A phantom (D:5)
  A lemure (D:3)
  A centaur zombie (D:5)
  A hound (D:5)
  A jelly (D:4)
  A bullfrog zombie (D:6)
  A gnoll (D:5)
  A howler monkey skeleton (D:4)
  A worm (D:2)
  An orc (D:6)
  An endoplasm (D:4)
  2 hobgoblins
  A bat (D:3)
  2 kobolds
20 creatures vanquished.

Vanquished Creatures (others)
  4 hexers
  An ancestor (D:2)
  2 plants (D:1)
7 creatures vanquished.

Grand Total: 136 creatures vanquished

Notes
Turn   | Place    | Note
-------+----------+-------------------------------------------
     0 | D:1      | ZombieSheep the Gnoll Wanderer began the quest for the Orb.
     0 | D:1      | ZombieSheep set off with the following items: a +2
                  | shortbow, 27 arrows, a potion of curing, a +0 robe; and the
                  | following spell memorised: Beastly Appendage; and the
                  | following spells available to memorise: Spider Form
     0 | D:1      | Reached XP level 1. HP: 17/17 MP: 1/1
    90 | D:1      | Reached XP level 2. HP: 14/23 MP: 2/2
   513 | D:1      | Reached XP level 3. HP: 14/28 MP: 3/3
   922 | D:1      | Reached skill level 1 in Invocations
  1027 | D:1      | You fall into a shaft and drop 1 floor!
  1055 | D:2      | Reached skill level 1 in Short Blades
  1055 | D:2      | Reached skill level 1 in Long Blades
  1055 | D:2      | Reached skill level 1 in Axes
  1055 | D:2      | Reached skill level 1 in Maces & Flails
  1055 | D:2      | Reached skill level 1 in Polearms
  1055 | D:2      | Reached skill level 1 in Staves
  1055 | D:2      | Reached skill level 1 in Slings
  1055 | D:2      | Reached skill level 1 in Crossbows
  1055 | D:2      | Reached skill level 1 in Throwing
  1055 | D:2      | Reached skill level 1 in Dodging
  1055 | D:2      | Reached skill level 1 in Stealth
  1055 | D:2      | Reached skill level 1 in Unarmed Combat
  1055 | D:2      | Reached skill level 1 in Spellcasting
  1055 | D:2      | Reached skill level 1 in Evocations
  1297 | D:1      | Found a faded altar of an unknown god.
  1304 | D:1      | Became a worshipper of Hepliaklqana the Forgotten
  1304 | D:1      | Reached * piety under Hepliaklqana
  1569 | D:2      | Reached XP level 4. HP: 30/30 MP: 5/5
  1604 | D:2      | Found an opulent altar of Gozag.
  1618 | D:2      | Reached skill level 1 in Conjurations
  1618 | D:2      | Reached skill level 1 in Hexes
  1618 | D:2      | Reached skill level 1 in Summonings
  1618 | D:2      | Reached skill level 1 in Necromancy
  1618 | D:2      | Reached skill level 1 in Translocations
  1618 | D:2      | Reached skill level 1 in Fire Magic
  1618 | D:2      | Reached skill level 1 in Air Magic
  1618 | D:2      | Reached skill level 1 in Earth Magic
  1618 | D:2      | Reached skill level 1 in Poison Magic
  1928 | D:2      | Found Weziuthoack's Antique Armour Boutique.
  2663 | D:3      | Reached XP level 5. HP: 36/36 MP: 6/6
  2690 | D:3      | Reached ** piety under Hepliaklqana
  2692 | D:3      | Remembered your ancestor Rabi as a hexer
  3062 | D:4      | Noticed Sigmund
  3069 | D:4      | Killed Sigmund
  3070 | D:4      | Reached XP level 6. HP: 29/42 MP: 6/8
  3186 | D:4      | Reached skill level 5 in Shields
  3448 | D:4      | Noticed Pikel
  3452 | D:4      | Paralysed by Pikel for 5 turns
  3839 | D:4      | Noticed a black bear
  3865 | D:4      | Killed a black bear
  3866 | D:4      | Reached XP level 7. HP: 46/46 MP: 10/10
  3926 | D:4      | Paralysed by Pikel for 4 turns
  3955 | D:4      | Killed Pikel
  3956 | D:4      | Reached XP level 8. HP: 43/54 MP: 10/12
  4267 | D:4      | Noticed Eustachio
  4274 | D:4      | Killed Eustachio
  4569 | D:5      | Entered Level 5 of the Dungeon
  4785 | D:5      | Found a basalt altar of Yredelemnul.
  5060 | D:5      | Reached *** piety under Hepliaklqana
  5246 | D:5      | Found Zunet's Neck Hole.
  5430 | D:5      | Reached skill level 5 in Ice Magic
  5430 | D:5      | Reached XP level 9. HP: 28/59 MP: 14/14
  5641 | D:5      | Found a staircase to the Ecumenical Temple.
  5763 | D:6      | Found Efosmiach's Antique Armour Boutique.
  5873 | D:6      | Noticed Edmund
  5878 | D:6      | Killed Edmund
  6172 | D:6      | Found a shimmering altar of Xom.
  6201 | D:6      | Found Ehoiph's General Store.
  6293 | D:6      | Noticed a cyclops
  6297 | D:6      | Hit by a large rock thrown by a cyclops

Illustrated notes

Levels and vault maps discovered:
D:1:      minmay_arrival_solitary_statue, layout_loops_ring,
          shapermc_ecumenical_altar_hornbeckon
D:2:      layout_basic, serial_shops, shop, basic_altar,
          kennysheep_generic_room_13
D:3:      layout_loops_ring
D:4:      minmay_skewed_foursquare, layout_basic, minivault_27, uniq_eustachio,
          uniq_sigmund, uniq_pikel
D:5:      layout_cave_pools, lemuel_coloured_pillars_altar,
          minmay_temple_entry_nine_rooms, nicolae_shop_sticking_my_neck_out
D:6:      layout_basic, grunt_temple_overflow_open, xom_butterflies,
          serial_shops, shop, kennysheep_little_box, nicolae_shop_waterfront,
          nicolae_shop_trees, nicolae_stop_n_shop_2, uniq_edmund

Skill      XL: |  1  2  3  4  5  6  7  8  9 |
---------------+----------------------------+-----
Invocations    | 1 2 3 4 |  4.5
Short Blades   | 1 2 3 4 |  4.1
Long Blades    | 1 2 3 4 |  4.1
Axes           | 1 2 3 4 |  4.1
Maces & Flails | 1 2 3 4 |  4.1
Polearms       | 1 2 3 4 |  4.1
Staves         | 1 2 3 4 |  4.1
Slings         | 1 2 3 4 |  4.1
Crossbows      | 1 2 3 4 |  4.1
Throwing       | 1 2 3 4 |  4.1
Dodging        | 1 2 3 4 |  4.1
Stealth        | 1 2 3 4 |  4.1
Unarmed Combat | 1 2 3 4 |  4.1
Spellcasting   | 1 2 3 4 |  4.1
Evocations     | 1 2 3 4 |  4.1
Conjurations   | 1 2 3 |  3.4
Hexes          | 1 2 3 |  3.4
Summonings     | 1 2 3 |  3.4
Necromancy     | 1 2 3 |  3.4
Translocations | 1 2 3 |  3.4
Fire Magic     | 1 2 3 |  3.4
Air Magic      | 1 2 3 |  3.4
Earth Magic    | 1 2 3 |  3.4
Poison Magic   | 1 2 3 |  3.4
Fighting       | 3 4 |  4.9
Bows           | 3 4 |  4.9
Armour         | 3 4 |  4.9
Ice Magic      | 4 5 |  5.1
Shields        | 5 6 |  6.2
Transmutations | 6 |  6.5

Action                   |  1- 3 |  4- 6 |  7- 9 || total
-------------------------+-------+-------+-------++-------
Melee: Dagger            |    97 |   119 |   131 ||   347
       Bite              |     6 |     9 |     7 ||    22
       Punch             |       |       |     3 ||     3
 Fire: Shortbow          |     9 |    29 |   103 ||   141
Invok: Ancestor Life: He |       |     1 |       ||     1
  Use: Scroll            |       |     8 |     3 ||    11
       Potion            |       |       |     2 ||     2
 Stab: Distracted        |       |     1 |     1 ||     2
       Confused          |       |     1 |     7 ||     8
Armor: Robe              |     5 |       |       ||     5
       Scale mail        |    23 |    41 |    58 ||   122
Dodge: Dodged            |    44 |    49 |    64 ||   157
